 Dungeon Crawl Stone Soup version 0.30-a0-989-g0d87f670db (webtiles) character file.

Game seed: 6807871234356669634

7 Lobster4 the Sneak (level 2, -1/24 HPs)
             Began as a Human Delver on Apr 3, 2023.
             Slain by a centaur (3 damage)
             ... on level 5 of the Dungeon.
             The game lasted 00:02:47 (296 turns).

Lobster4 the Sneak (Human Delver)                    Turns: 296, Time: 00:02:47

Health: -1/24      AC: 10    Str: 12    XL:     2   Next: 5%
Magic:  2/2        EV:  5    Int: 10    God:
Gold:   0          SH:  0    Dex: 14    Spells: 1/1 levels left

rFire   . . .      SeeInvis .    a - +0 spear
rCold   + . .      Faith    .    (no shield)
rNeg    . . .      Spirit   .    d - +2 chain mail {rC+}
rPois   .          Reflect  .    (no helmet)
rElec   .          Rampage  .    (no cloak)
rCorr   .                        (no gloves)
Will    .....                    (no boots) Stlth
                                 (no amulet)
HPRegen 0.24/turn                (no ring)
MPRegen 0.08/turn                (no ring)

@: no status effects
A: no striking features
a: no special abilities


You were on level 5 of the Dungeon.
You visited 1 branch of the dungeon, and saw 2 of its levels.

Inventory:

Hand Weapons
 a - a +0 spear (weapon)
Armour
 b - a +0 leather armour
 d - a +2 chain mail of cold resistance (worn)
Wands
 g - a wand of digging (3)
Scrolls
 c - a scroll of fog
 e - a scroll of fear
Potions
 f - a potion of haste
 h - 2 potions of lignification {unknown}


   Skills:
 + Level 3.1 Fighting
 + Level 2.1 Polearms
 + Level 0.4 Armour
 + Level 2.1 Dodging
 + Level 5.0 Stealth


You had one spell level left.
You didn't know any spells.
Your spell library was empty.

Dungeon Overview and Level Annotations

Branches:
Dungeon (5/15)
 Temple: D:4-7

Altars:


Message History

The centaur barely misses you.
You hit the centaur but do no damage.
The centaur is heavily wounded.
The centaur hits you.
The centaur kicks you but does no damage.
The centaur hits you but does no damage.
The centaur kicks you but does no damage.
You barely miss the centaur.
The centaur is heavily wounded.
The centaur hits you. The centaur barely misses you.
You hit the centaur but do no damage.
The centaur is heavily wounded.
The centaur hits you but does no damage.
The centaur kicks you but does no damage.
The centaur hits you but does no damage.
The centaur kicks you but does no damage.
You barely miss the centaur.
The centaur is heavily wounded.
The centaur hits you.
The centaur kicks you but does no damage.
You hit the centaur.
The centaur is heavily wounded.
You hear the hiss of a very distant avalanche of sand.
The centaur hits you but does no damage.
The centaur kicks you but does no damage.
The centaur hits you.
The centaur kicks you but does no damage.
You hit the centaur.
The centaur is almost dead.
The centaur hits you.
* * * LOW HITPOINT WARNING * * *
The centaur kicks you but does no damage.
You hit the centaur.
The centaur is almost dead.
The centaur hits you but does no damage.
The centaur kicks you but does no damage.
The centaur hits you.
* * * LOW HITPOINT WARNING * * *
The centaur kicks you.
You die...

,,,,,*,,,.#....#.#..........#
*,****,........#.#..#####.###
*,* **##.#.####....# *.# *,*
*,.........#...# *,# *,*
**,,..#.....#...# *,*
*,***,,#..#..#..#...# *,*
,,,,,,,..,#.?...#...# ***,***
*,***,**,***,#.c#...# *,,,,,*
*,*
*,**.c.....#@...###,***,*****
*,***,**###...###.....#,*
*,,,,,, *,,,,,,,.....#*
##.##.#,***,*****
*****,**#.###,***.##*.#,,,,,*
* *,* #,* **,*.#* *,#****** *
*,* *,* *,.#* *,* *
*****,***,** *..* *,* *
,,,,,,**,,,**#.,* *,* *
,****,,,,,,,,.,,* *,* **


You could see a centaur.

Vanquished Creatures
  2 orcs (D:5)
  An endoplasm (D:4)
  A quokka (D:5)
4 creatures vanquished.

Notes
Turn   | Place    | Note
-------+----------+-------------------------------------------
     0 | D:5      | Lobster4 the Human Delver began the quest for the Orb.
     0 | D:5      | Reached XP level 1. HP: 18/18 MP: 1/1
   123 | D:4      | Noticed an orc wizard
   204 | D:5      | Reached XP level 2. HP: 23/24 MP: 2/2
   279 | D:5      | Noticed a centaur
   296 | D:5      | Slain by a centaur

Illustrated notes

Levels and vault maps discovered:
D:4:      layout_gridville, bloody_makhleb, serial_shops, nicolae_shop_crystal,
          shop_scrolls, kennysheep_mini, shop, palyth_stone_intersect,
          kennysheep_generic_room_8, uniq_menkaure
D:5:      layout_loops_ring, mainiacjoe_overflow_big_doors, enter_ossuary_3,
          hangedman_abyss_or_decor_passed, uniq_duvessa,
          uniq_crazy_yiuf_cottage, uniq_pikel

Action                     || total
---------------------------++-------
  Melee: Spear             ||    44
    Use: Scroll            ||     1
 Armour: Chain mail        ||    45
  Dodge: Dodged            ||    10

Table legend: (Time is in decaauts)
 A = Elapsed time spent in this place.
 B = Non-inter-level travel time spent in this place.
 C = Inter-level travel time spent in this place.
 D = Time resting spent in this place.
 E = Time spent auto-exploring this place.
 F = Levels seen in this place.
 G = Mean time per level.
                   A        B        C        D        E       F      G
               +--------+--------+--------+--------+--------+-----+--------+
         Total |    299 |    299 |      0 |     48 |      0 |   2 |  149.5 |
       Dungeon |    299 |    299 |      0 |     48 |      0 |   2 |  149.5 |
               +--------+--------+--------+--------+--------+-----+--------+

Top non-repeatable levels by time:
     D:4: 155 daAuts
     D:5: 143 daAuts
